General information
			
			
        
        - name: BNet
 
        - type: Ladder team game (AT/RT)
 
        - host: Battle.net
 
        - saver: TylerKerr
 
        
map: RiceFields 
        - players: 6
 
        - length: 14:43
 
        - speed: Fast
 - version: 1.22 W3XP
 - replay type:  Public
 
» download(108 KB)
Players
        team 1 (winner) 
              
              
MikeWilliams (
purple | 50 APM | 735 actions | 14:42)
              
 3 Blademaster 
 2 Wind Walk
 1 Critical Strike
 
                » actions 
                
                | Assign group hotkey | 10 |  | 
| Basic commands | 4 |  | 
| Build / train | 50 |  | 
| Enter build submenu | 23 |  | 
| Enter hero's abilities submenu | 3 |  | 
| Right click | 313 |  | 
| Select / deselect | 95 |  | 
| Select group hotkey | 178 |  | 
| Use ability | 59 |  | 
                735 total
 » units 
                » upgrades
                
                | Spiked Barricades | 1 |  | 
| Liquid Fire | 1 |  | 
| Reinforced Defenses | 1 |  | 
| Ranged Weapons | 1 |  | 
                4 total
 » buildings
                
                | Altar of Storms | 1 |  | 
| Orc Burrow | 4 |  | 
| War Mill | 1 |  | 
| Voodoo Lounge | 1 |  | 
| Watch Tower | 14 |  | 
| Stronghold | 1 |  | 
| Beastiary | 2 |  | 
| Fortress | 1 |  | 
                25 total
 » build order
                00:06 Altar of Storms
00:16 Orc Burrow
00:27 War Mill
01:25 Voodoo Lounge
01:43 Watch Tower
02:02 Orc Burrow
02:33 Watch Tower
02:50 Watch Tower
04:06 Watch Tower
04:07 Watch Tower
04:28 Stronghold
04:39 Watch Tower
04:42 Watch Tower
05:29 Watch Tower
06:22 Orc Burrow
06:23 Orc Burrow
06:30 Watch Tower
06:54 Beastiary
06:58 Beastiary
07:29 Watch Tower
07:32 Watch Tower
07:33 Fortress
08:46 Watch Tower
08:47 Watch Tower
10:49 Watch Tower
» items
                
                | Lesser Clarity Potion | 5 |  | 
| Healing Salve | 2 |  | 
| Orb of Lightning | 1 |  | 
                8 total
  
               
              
              
TylerKerr (
yellow | 116 APM | 1709 actions | 14:43)
              
 4 Mountain King 
 2 Storm Bolt
 2 Bash
 2 Blood Mage 
 1 Flame Strike
 1 Siphon Mana
 
                » actions 
                
                | Assign group hotkey | 6 |  | 
| Basic commands | 4 |  | 
| Build / train | 81 |  | 
| Enter build submenu | 39 |  | 
| Enter hero's abilities submenu | 6 |  | 
| Give item / drop item | 1 |  | 
| Remove unit from queue | 1 |  | 
| Right click | 995 |  | 
| Select / deselect | 269 |  | 
| Select group hotkey | 201 |  | 
| Use ability | 106 |  | 
                1709 total
 » units 
                » upgrades
                » buildings
                
                | Altar of Kings | 1 |  | 
| Farm | 3 |  | 
| Lumber Mill | 1 |  | 
| Scout Tower | 35 |  | 
| Arcane Tower | 6 |  | 
| Guard Tower | 22 |  | 
| Keep | 1 |  | 
| Arcane Vault | 2 |  | 
                71 total
 » build order
                00:09 Altar of Kings
00:18 Farm
00:39 Lumber Mill
00:48 Farm
01:08 Scout Tower
01:17 Scout Tower
01:51 Arcane Tower
01:52 Arcane Tower
02:18 Guard Tower
02:22 Scout Tower
02:39 Scout Tower
02:54 Guard Tower
02:56 Scout Tower
03:44 Guard Tower
03:45 Scout Tower
03:47 Keep
04:15 Guard Tower
04:17 Scout Tower
04:34 Scout Tower
04:35 Scout Tower
04:36 Scout Tower
04:42 Scout Tower
04:43 Scout Tower
04:44 Scout Tower
04:46 Scout Tower
04:47 Scout Tower
05:03 Arcane Vault
05:14 Guard Tower
05:24 Guard Tower
05:34 Arcane Tower
05:49 Guard Tower
05:54 Guard Tower
06:14 Guard Tower
07:52 Arcane Vault
08:21 Scout Tower
08:32 Scout Tower
08:33 Scout Tower
08:41 Scout Tower
08:54 Farm
09:05 Guard Tower
09:06 Guard Tower
09:09 Scout Tower
09:11 Arcane Tower
09:11 Arcane Tower
09:17 Scout Tower
09:23 Guard Tower
09:39 Guard Tower
09:40 Scout Tower
09:43 Scout Tower
09:50 Guard Tower
09:55 Scout Tower
10:36 Arcane Tower
10:36 Guard Tower
10:38 Scout Tower
10:39 Scout Tower
11:21 Guard Tower
11:22 Guard Tower
11:25 Scout Tower
11:26 Scout Tower
11:28 Scout Tower
11:30 Scout Tower
11:32 Scout Tower
11:35 Scout Tower
11:59 Guard Tower
12:00 Guard Tower
12:02 Guard Tower
12:12 Scout Tower
12:14 Scout Tower
12:24 Guard Tower
12:25 Scout Tower
13:06 Guard Tower
» items
                
                | Potion of Healing | 3 |  | 
| Potion of Mana | 3 |  | 
| Lesser Clarity Potion | 5 |  | 
                11 total
  
               
              
              
YEEEHAWW (
blue | 85 APM | 1243 actions | 14:42)
              
 2 Paladin 
 1 Holy Light
 1 Divine Shield
 
                » actions 
                
                | Assign group hotkey | 4 |  | 
| Basic commands | 34 |  | 
| Build / train | 54 |  | 
| Enter build submenu | 37 |  | 
| Enter hero's abilities submenu | 2 |  | 
| Give item / drop item | 2 |  | 
| Right click | 696 |  | 
| Select / deselect | 167 |  | 
| Select group hotkey | 136 |  | 
| Use ability | 111 |  | 
                1243 total
 » units 
                » upgrades
                » buildings
                
                | Altar of Kings | 1 |  | 
| Farm | 2 |  | 
| Lumber Mill | 1 |  | 
| Scout Tower | 34 |  | 
| Arcane Tower | 1 |  | 
| Guard Tower | 18 |  | 
| Town Hall | 1 |  | 
| Keep | 1 |  | 
                59 total
 » build order
                00:06 Altar of Kings
00:09 Farm
00:13 Lumber Mill
00:46 Scout Tower
01:14 Arcane Tower
01:45 Scout Tower
01:53 Farm
02:01 Scout Tower
02:18 Guard Tower
02:21 Scout Tower
02:21 Scout Tower
02:48 Guard Tower
02:52 Scout Tower
03:42 Guard Tower
04:04 Scout Tower
04:04 Scout Tower
04:13 Scout Tower
04:14 Scout Tower
04:23 Scout Tower
04:24 Scout Tower
04:32 Scout Tower
04:36 Guard Tower
04:41 Guard Tower
04:41 Guard Tower
04:43 Scout Tower
04:44 Scout Tower
04:51 Guard Tower
05:00 Guard Tower
05:03 Scout Tower
05:04 Scout Tower
05:11 Guard Tower
05:32 Guard Tower
05:41 Scout Tower
05:41 Scout Tower
06:12 Scout Tower
06:12 Scout Tower
06:16 Guard Tower
06:34 Scout Tower
06:35 Scout Tower
06:44 Guard Tower
07:31 Guard Tower
09:13 Scout Tower
09:14 Scout Tower
09:49 Town Hall
09:50 Guard Tower
10:41 Guard Tower
10:43 Scout Tower
10:45 Scout Tower
10:45 Scout Tower
10:46 Scout Tower
10:47 Scout Tower
10:52 Keep
11:21 Scout Tower
11:22 Scout Tower
11:27 Guard Tower
11:30 Scout Tower
11:31 Scout Tower
12:07 Guard Tower
12:22 Guard Tower
» items
                
                | Lesser Clarity Potion | 2 |  | 
| Scroll of Town Portal | 2 |  | 
| Scroll of Regeneration | 1 |  | 
| Potion of Healing | 2 |  | 
                7 total
  
               team 2 (loser) 
              
              
8llD (
green | 80 APM | 1168 actions | 14:37)
              
 2 Paladin 
 1 Holy Light
 1 Devotion Aura
 
                » actions 
                
                | Assign group hotkey | 3 |  | 
| Basic commands | 1 |  | 
| Build / train | 51 |  | 
| Enter build submenu | 14 |  | 
| Enter hero's abilities submenu | 2 |  | 
| Right click | 864 |  | 
| Select / deselect | 198 |  | 
| Select group hotkey | 1 |  | 
| Use ability | 34 |  | 
                1168 total
 » units 
                » upgrades
                » buildings
                
                | Barracks | 2 |  | 
| Farm | 11 |  | 
| Altar of Kings | 1 |  | 
| Blacksmith | 1 |  | 
| Arcane Vault | 1 |  | 
                16 total
 » build order
                00:07 Barracks
00:14 Farm
00:29 Altar of Kings
00:53 Farm
01:25 Farm
01:53 Farm
03:01 Farm
04:08 Farm
04:08 Farm
04:41 Farm
04:41 Farm
07:18 Barracks
08:01 Farm
08:35 Blacksmith
09:08 Arcane Vault
11:58 Farm
» items
                 
               
              
              
ThEroCkEtBABY (
red | 78 APM | 1128 actions | 14:31)
              
 3 Firelord 
 2 Summon Lava Spawn
 1 Soul Burn
 
                » actions 
                
                | Basic commands | 1 |  | 
| Build / train | 34 |  | 
| Enter build submenu | 13 |  | 
| Enter hero's abilities submenu | 6 |  | 
| Right click | 801 |  | 
| Select / deselect | 246 |  | 
| Use ability | 27 |  | 
                1128 total
 » units 
                
                | Acolyte | 7 |  | 
| Crypt Fiend | 8 |  | 
| Gargoyle | 5 |  | 
                20 total
 » upgrades
                » buildings
                
                | Altar of Darkness | 1 |  | 
| Ziggurat | 4 |  | 
| Graveyard | 1 |  | 
| Crypt | 4 |  | 
| Nerubian Tower | 1 |  | 
| Tomb of Relics | 1 |  | 
| Halls of the Dead | 1 |  | 
| Spirit Tower | 1 |  | 
                14 total
 » build order
                00:06 Altar of Darkness
00:08 Ziggurat
00:36 Graveyard
00:59 Crypt
01:19 Ziggurat
01:56 Nerubian Tower
02:09 Tomb of Relics
05:14 Ziggurat
05:44 Halls of the Dead
08:18 Crypt
08:20 Crypt
08:23 Crypt
08:56 Spirit Tower
08:59 Ziggurat
» items
                
                | Rod of Necromancy | 1 |  | 
| Potion of Healing | 1 |  | 
| Potion of Mana | 2 |  | 
                4 total
  
               
              
              
WoWserTrouserS (
orange | 49 APM | 719 actions | 14:41)
              
 2 Firelord 
 1 Summon Lava Spawn
 1 Soul Burn
 
                » actions 
                
                | Assign group hotkey | 11 |  | 
| Basic commands | 59 |  | 
| Build / train | 36 |  | 
| Enter build submenu | 21 |  | 
| Enter hero's abilities submenu | 3 |  | 
| Right click | 303 |  | 
| Select / deselect | 204 |  | 
| Select group hotkey | 48 |  | 
| Use ability | 34 |  | 
                719 total
 » units 
                
                | Peasant | 7 |  | 
| Footman | 19 |  | 
| Spell Breaker | 3 |  | 
                29 total
 » upgrades
                » buildings
                
                | Altar of Kings | 1 |  | 
| Farm | 13 |  | 
| Barracks | 2 |  | 
| Keep | 1 |  | 
| Arcane Vault | 1 |  | 
| Arcane Sanctum | 1 |  | 
                19 total
 » build order
                00:18 Altar of Kings
00:31 Farm
00:43 Barracks
01:10 Farm
01:46 Barracks
01:56 Farm
02:58 Farm
03:49 Farm
04:55 Farm
08:04 Farm
08:38 Keep
08:43 Farm
08:54 Arcane Vault
09:20 Farm
09:23 Farm
10:02 Farm
10:10 Farm
11:55 Arcane Sanctum
13:19 Farm
» items
                
                | Scroll of Regeneration | 1 |  | 
| Lesser Clarity Potion | 1 |  | 
                2 total
  
                Chat log
          
(02:04 / All) 8llD: what races r u
(02:10 / All) TylerKerr: Hi and Welcome to this game
(02:11 / All) YEEEHAWW: ud/hu/hu
(02:12 / All) MikeWilliams: im a nigger
(02:18 / All) 8llD: thanks
(02:22 / All) ThEroCkEtBABY: me to
(02:26 / All) ThEroCkEtBABY: they call me rosa nigge
(04:01 / All) ThEroCkEtBABY: ok?
(04:08 / All) YEEEHAWW: ?
(04:13 / All) 8llD: LOL TECHING 
(04:14 / All) ThEroCkEtBABY: nice job on healing my peasants
(04:14 / All) 8llD: LETS HIT
(04:15 / All) ThEroCkEtBABY: LOL
(08:04 / All) 8llD: very fun
(14:34 / All) 8llD: Gg
(14:37 / All) TylerKerr: retards
(14:38 / All) WoWserTrouserS: SCRUBS
(14:41 / All) TylerKerr: http://highper.ch/